 Dungeon Crawl Stone Soup version 0.23.2-1-ga50397a (webtiles) character file.

Game seed: 12912539584981342469

42 myga the Gusty (level 3, -1/26 HPs)
             Began as a Demigod Air Elementalist on May 26, 2019.
             Slain by Sigmund
             ... wielding a +4 scythe of freezing
              (4 damage)
             ... on level 2 of the Dungeon on May 30, 2019.
             The game lasted 00:05:58 (1307 turns).

myga the Gusty (Demigod Air Elementalist)           Turns: 1307, Time: 00:05:58

Health: -1/26      AC:  2    Str: 11    XL:     3   Next: 19%
Magic:  9/9        EV: 12    Int: 19    God:
Gold:   56         SH:  0    Dex: 18    Spells: 3/6 levels left

rFire    . . .     SeeInvis .   g - +1 dagger (venom)
rCold    . . .     Gourm    .   (no shield)
rNeg     . . .     Faith    .   a - +0 robe
rPois    .         Spirit   .   (no helmet)
rElec    .         Reflect  .   (no cloak)
rCorr    .         Harm     .   (no gloves)
MR       .....                  (no boots)
Stlth    +.........             (no amulet)
HPRegen  0.08/turn              (no ring)
MPRegen  0.11/turn              (no ring)

@: confused
A: high mp 1
a: no special abilities


You were on level 2 of the Dungeon.
You were not hungry.

You visited 1 branch of the dungeon, and saw 2 of its levels.

You collected 56 gold pieces.

Inventory:

Hand Weapons
 g - a +1 dagger of venom (weapon)
Missiles
 d - 108 stones (quivered)
Armour
 a - a +0 robe (worn)
Scrolls
 e - 2 scrolls of identify {unknown}
 i - a scroll of teleportation {unknown}
 j - a scroll of enchant armour {unknown}
 k - 2 scrolls of magic mapping {unknown}
Potions
 b - a potion of heal wounds {unknown}
 h - a potion of curing {unknown}
Comestibles
 c - 3 rations
 f - 10 chunks of flesh


   Skills:
 + Level 1.8 Dodging
 + Level 2.0 Stealth
 + Level 2.4 Spellcasting
 + Level 1.1 Conjurations
 + Level 3.3 Air Magic


You had 3 spell levels left.
You knew the following spells:

 Your Spells              Type           Power        Failure   Level  Hunger
a - Shock                 Conj/Air       ##..         6%          1    #......
b - Swiftness             Chrm/Air       #.......     12%         2    ##.....

Your spell library contained the following spells:

 Spells                   Type           Power        Failure   Level  Hunger
 Static Discharge         Conj/Air       ##......     19%         3    ###....
 Airstrike                Air            ##........   38%         4    #####..
 Lightning Bolt           Conj/Air       ##........   87%         5    ######.


Dungeon Overview and Level Annotations

Branches:
Dungeon (2/15)

Annotations:
D:2 Sigmund


Innate Abilities, Weirdness & Mutations

You have an increased reservoir of magic. (+10% MP)


Message History

You are confused.
You hear an angry hiss.
You're too confused to cast spells.
Unknown command.
Okay, then.
You bump into the rock wall.
A dart slug comes into view.
A frilled lizard comes into view.
Sigmund hits you from afar with a +4 scythe of freezing.
Sigmund freezes you. The goblin hits you.
You bump into the rock wall.
The goblin hits you but does no damage.
Unknown command.
Unknown command.
You bump into the rock wall.
Sigmund hits you from afar with a +4 scythe of freezing.
Sigmund freezes you. The goblin hits you.
You bump into the rock wall.
Sigmund hits you from afar with a +4 scythe of freezing!
* * * LOW HITPOINT WARNING * * *
Sigmund freezes you.
You die...

#>###### #......# #
#......##.###
##.##........
##.##..##....
#...#..####### #
#...#(.#.....# .#
#...#.....##.##.##.##
#...#>.......@w@.l...
#...#..#####.#g......
#...#..# #.#.#...#.
#...+..# #...# #.#.
#...##.######### #...
#...รท....... #..##
####....#### #..w.
#....# #...#####
#....# #.#.....


You could see Sigmund, a dart slug, a goblin and a frilled lizard.

Vanquished Creatures
  An adder (D:2)
  A worm (D:2)
  2 dart slugs (D:1)
  A leopard gecko (D:1)
  A bat (D:1)
  A giant cockroach (D:2)
  2 hobgoblins (D:1)
  3 jackals
  2 kobolds (D:1)
  6 goblins
  3 rats (D:1)
23 creatures vanquished.

Notes
Turn   | Place    | Note
-------+----------+-------------------------------------------
     0 | D:1      | myga the Demigod Air Elementalist began the quest for the
                  | Orb.
     0 | D:1      | Reached XP level 1. HP: 14/14 MP: 5/5
   180 | D:1      | Reached skill level 3 in Air Magic
   223 | D:1      | Reached XP level 2. HP: 20/20 MP: 5/7
   230 | D:1      | Learned a level 2 spell: Swiftness
   512 | D:1      | Reached skill level 1 in Conjurations
   652 | D:1      | You fall through a shaft!
   652 | D:2      | Found an opulent altar of Gozag.
   652 | D:2      | Found a glowing golden altar of the Shining One.
  1206 | D:2      | Found a glowing golden altar of the Shining One.
  1223 | D:2      | Reached XP level 3. HP: 26/26 MP: 9/9
  1298 | D:2      | Noticed Sigmund
  1307 | D:2      | Slain by Sigmund

Skill      XL: |  1  2  3 |
---------------+----------+-----
Spellcasting   | 2 |  2.4
Air Magic      | 3 |  3.3
Conjurations   | 1 |  1.1
Stealth        | 2 |  2.0
Dodging        | |  1.8

Action                   || total
-------------------------++-------
Melee: Unarmed           ||    10
       Dagger            ||     7
 Cast: Shock             ||    44
 Stab: Sleeping          ||     1
  Eat: Chunk             ||     2
Armor: Robe              ||     5
Dodge: Dodged            ||    16
